 Dungeon Crawl Stone Soup version 0.26-a0-812-g31a745ddcd (webtiles) character file.

Game seed: 17958058381395181423

1691 robertstho the Thaumaturge (level 8, -4/42 HPs)
             Began as a Deep Elf Air Elementalist on Nov 13, 2020.
             Killed by divine providence
             ... invoked by an orc priest
              (14 damage)
             ... on level 6 of the Dungeon.
             The game lasted 00:12:26 (7450 turns).

robertstho the Thaumaturge (DEAE)                   Turns: 7450, Time: 00:12:28

Health: -4/42      AC:  2    Str:  5    XL:     8   Next: 72%
Magic:  1/23       EV: 13    Int: 23    God:
Gold:   45         SH:  0    Dex: 15    Spells: 11/26 levels left

rFire    x . .     SeeInvis .   r - +6 trident
rCold    + . .     Faith    .   (no shield)
rNeg     . . .     Spirit   .   a - +0 robe
rPois    .         Reflect  .   (no helmet)
rElec    .         Harm     .   v - scarf {repulsion}
rCorr    .         Rampage  .   (no gloves)
MR       .....                  (no boots)
Stlth    +.........             (no amulet)
HPRegen  0.14/turn              h - ring of attention (curse)
MPRegen  0.18/turn              w - ring of ice

@: repel missiles
A: no striking features
a: no special abilities


You were on level 6 of the Dungeon.
You visited 1 branch of the dungeon, and saw 6 of its levels.

You collected 375 gold pieces.
You spent 330 gold pieces at shops.

Inventory:

Hand Weapons
 d - a +0 dagger
 g - a +2 flail of protection
 r - a +6 trident (weapon)
Armour
 a - a +0 robe (worn)
 m - a +1 cloak
 v - a scarf of repulsion (worn)
Jewellery
 h - a cursed ring of attention (left hand)
 w - a ring of ice (right hand)
Wands
 t - a wand of flame (6)
Scrolls
 c - a scroll of noise {unknown}
 e - a scroll of amnesia {unknown}
 f - 3 scrolls of enchant weapon {unknown}
 k - 5 scrolls of teleportation
 l - 2 scrolls of fear {unknown}
 n - 5 scrolls of magic mapping {unknown}
 o - 3 scrolls of enchant armour {unknown}
 p - a scroll of blinking {unknown}
 s - a scroll of random uselessness {unknown}
 y - 2 scrolls of remove curse {unknown}
Potions
 b - 6 potions of curing
 i - 3 potions of lignification
 j - 2 potions of flight {unknown}
 q - a potion of haste
 u - 2 potions of mutation
 x - a potion of heal wounds
 z - a potion of cancellation
 A - a potion of invisibility
 B - 2 potions of magic


   Skills:
 + Level 0.4 Fighting
 + Level 0.3 Short Blades
 + Level 0.6 Polearms
 + Level 2.7 Dodging
 + Level 3.1 Stealth
 * Level 9.6 Spellcasting
 * Level 4.9 Conjurations
 * Level 7.5 Air Magic
 + Level 0.6 Evocations


You had 11 spell levels left.
You knew the following spells:

 Your Spells              Type           Power        Failure   Level
a - Shock                 Conj/Air       ####         1%          1
b - Swiftness             Air            #####...     1%          2
c - Static Discharge      Conj/Air       #####...     1%          3
d - Airstrike             Air            #####.....   2%          4
e - Lightning Bolt        Conj/Air       #####.....   13%         5

Your spell library contained the following spells:

 Spells                   Type           Power        Failure   Level


Dungeon Overview and Level Annotations

Branches:
Dungeon (6/15)
 Temple: D:4-7

Altars:
Yredelemnul

Shops:
D:5 !


Message History

The gnoll is struck by an arc of lightning.
You kill the gnoll!
The lightning grounds out.
The orc priest casts a cantrip, but nothing happens.
Casting: Static Discharge (safe; 1% risk of failure)
Confirm with . or Enter, or press ? or * to list all spells.
Aiming: Shock (safe; 1% risk of failure)
Press: ? - help, Shift-Dir - straight line, f/p - orc priest
Aim: an orc priest, wielding a +0 flail and wearing a +0 ring mail (lightly wounded)
The zap hits the orc priest.
The orc priest is heavily wounded.
The orc priest begins to cast a cantrip, but forgets the words!
The gnoll barely misses you.
You closely miss the orc.
The orc is almost dead.
The orc hits you with a +0 morningstar. The gnoll hits you with a +0 whip.
* * * LOW HITPOINT WARNING * * *
The orc priest invokes the aid of Beogh against you.
Beogh smites you!
You die...

#.# #)# #.# #)#
#.# #.# #.# #.#
#@#
.....oog.......
.......).......
..?............
.....####.?....
##### ......
...... ######


You could see an orc priest, a gnoll and an orc.

Vanquished Creatures
  Edmund (D:5)
  A sky beast (D:6)
  2 ogres
  2 centaurs
  A bullfrog (D:6)
  A scorpion (D:6)
  A water moccasin skeleton (D:3)
  5 wights (D:6)
  An orc priest (D:6)
  4 hounds
  A bullfrog skeleton (D:5)
  An iguana (D:4)
  6 orc wizards
  17 gnolls
  A howler monkey skeleton (D:5)
  11 adders
  2 shadow imps
  A white imp (D:5)
  4 oozes
  An adder zombie (D:6)
  An adder skeleton (D:4)
  A worm (D:3)
  A dart slug (D:1)
  3 leopard geckos
  16 orcs
  A ball python (D:5)
  6 bats
  5 giant cockroaches
  5 goblins
  7 hobgoblins
  7 jackals
  5 kobolds
  2 quokkas
  3 frilled lizards
  A jackal skeleton (D:6)
  A quokka zombie (D:5)
  5 rats
134 creatures vanquished.

Notes
Turn   | Place    | Note
-------+----------+-------------------------------------------
     0 | D:1      | robertstho the Deep Elf Air Elementalist began the quest
                  | for the Orb.
     0 | D:1      | Reached XP level 1. HP: 10/10 MP: 6/6
   518 | D:1      | Reached XP level 2. HP: 15/15 MP: 4/8
  1050 | D:2      | Reached XP level 3. HP: 19/19 MP: 7/10
  1309 | D:2      | Reached skill level 4 in Spellcasting
  1313 | D:2      | Reached XP level 4. HP: 24/24 MP: 0/12
  1407 | D:2      | Learned a level 2 spell: Swiftness
  1411 | D:2      | Learned a level 3 spell: Static Discharge
  1416 | D:2      | Learned a level 4 spell: Airstrike
  2310 | D:3      | Reached XP level 5. HP: 28/28 MP: 2/13
  2644 | D:3      | Reached skill level 5 in Spellcasting
  3487 | D:4      | Reached XP level 6. HP: 32/32 MP: 10/15
  3743 | D:4      | Learned a level 5 spell: Lightning Bolt
  4063 | D:4      | Reached skill level 5 in Air Magic
  4323 | D:4      | Reached skill level 6 in Spellcasting
  4544 | D:5      | Entered Level 5 of the Dungeon
  4789 | D:5      | Reached XP level 7. HP: 21/36 MP: 6/18
  5027 | D:5      | Found Mefovibby's Distillery.
  5099 | D:5      | Bought a potion of degeneration for 15 gold pieces
  5099 | D:5      | Bought a potion of heal wounds for 75 gold pieces
  5099 | D:5      | Bought a potion of cancellation for 120 gold pieces
  5099 | D:5      | Bought a potion of invisibility for 120 gold pieces
  5370 | D:5      | Noticed Edmund
  5385 | D:5      | Killed Edmund
  5385 | D:5      | Reached skill level 7 in Spellcasting
  5470 | D:5      | Found a basalt altar of Yredelemnul.
  6150 | D:6      | Reached skill level 8 in Spellcasting
  6271 | D:6      | Reached XP level 8. HP: 39/41 MP: 15/22
  7040 | D:6      | Reached skill level 9 in Spellcasting
  7450 | D:6      | Killed from afar by an orc priest

Illustrated notes

Levels and vault maps discovered:
D:1:      roderic_dead_forest, layout_basic, hex_medium
D:2:      layout_loops_ring
D:3:      layout_loops_ring
D:4:      layout_cave_pods
D:5:      layout_gridville, serial_shops, shop_fountains, basic_altar,
          uniq_edmund
D:6:      layout_basic, due_unseen_surprise, uniq_duvessa

Skill      XL: |  1  2  3  4  5  6  7  8 |
---------------+-------------------------+-----
Air Magic      | 4 5 6 7 |  7.5
Spellcasting   | 4 5 6 8 9 |  9.6
Conjurations   | 2 3 4 |  4.9
Stealth        | 3 |  3.1
Fighting       | |  0.4
Short Blades   | |  0.3
Polearms       | |  0.6
Dodging        | |  2.7
Evocations     | |  0.6

Action                   |  1- 3 |  4- 6 |  7- 9 || total
-------------------------+-------+-------+-------++-------
Melee: Dagger            |       |    31 |       ||    31
       Flail             |       |       |     9 ||     9
       Trident           |       |       |    24 ||    24
 Cast: Shock             |    58 |    65 |     7 ||   130
       Static Discharge  |       |    15 |    23 ||    38
       Airstrike         |       |    18 |    44 ||    62
Evoke: Wand              |       |       |    10 ||    10
  Use: Potion            |       |     2 |     1 ||     3
       Scroll            |       |       |     5 ||     5
 Stab: Sleeping          |       |     2 |       ||     2
Armor: Robe              |       |     1 |     8 ||     9
Dodge: Dodged            |     2 |    39 |    53 ||    94
       Repelled          |       |       |     1 ||     1

Table legend: (Time is in decaauts)
 A = Elapsed time spent in this place.
 B = Non-inter-level travel time spent in this place.
 C = Inter-level travel time spent in this place.
 D = Time resting spent in this place.
 E = Time spent auto-exploring this place.
 F = Levels seen in this place.
 G = Mean time per level.
                   A        B        C        D        E       F      G
               +--------+--------+--------+--------+--------+-----+--------+
         Total |   7457 |   7330 |    127 |   1623 |   5087 |   6 | 1242.8 |
       Dungeon |   7457 |   7330 |    127 |   1623 |   5087 |   6 | 1242.8 |
               +--------+--------+--------+--------+--------+-----+--------+

Top non-repeatable levels by time:
     D:5: 1713 daAuts
     D:2: 1276 daAuts
     D:4: 1201 daAuts
     D:6: 1201 daAuts
     D:3: 1158 daAuts
     D:1: 905 daAuts
